| TOP OF THE 1ST |
|
Dayton Dragons batting - Pitching for Atlanta (MID) Braves : RHP Walt Bunney
|
|
Pitching: RHP Walt Bunney
|
|
|
Batting: LHB Ralph Braine
|
0-0: Foul Ball, location: 2F 0-1: Hit by Pitch
|
|
Batting: LHB Chris Redhead
|
0-0: Foul Ball, location: 2F 0-1: Ball Ralph Braine steals 2nd base (no throw) 1-1: Foul Ball, location: 2F 1-2: Ball 2-2: Foul Ball, location: 2F 2-2: Foul Ball, location: 2F 2-2: Ball 3-2: DOUBLE (Flyball, 78XD, EV 109.4 MPH) Ralph Braine scores
|
|
Batting: RHB Alex Villagomez
|
0-0: Called Strike 0-1: Ball 1-1: Swinging Strike 1-2: Foul Ball, location: 2F 1-2: Foul Ball, location: 2F 1-2: Strikes out swinging
|
|
Batting: RHB Randy Grewe
|
0-0: Called Strike 0-1: Foul Ball, location: 2F 0-2: Ball 1-2: Ball 2-2: Hit by Pitch
|
|
Batting: SHB Jaivata Mohanty
|
0-0: Ball 1-0: Ball 2-0: Ball 3-0: Base on Balls Chris Redhead to third Randy Grewe to second
|
|
Batting: RHB Juan Zamora
|
0-0: Ball 1-0: Ball 2-0: Fly out, F8 (Flyball, 89D, EV 94.4 MPH) Runner from 3rd tags up, OUT at HOME! 8-2
|
| Top of the 1st over - 1 run, 1 hit, 0 errors, 2 left on base; Dayton 1 - Atlanta (MID) 0 |
| BOTTOM OF THE 1ST |
|
Atlanta (MID) Braves batting - Pitching for Dayton Dragons : RHP Narciso Umbelino
|
|
Pitching: RHP Narciso Umbelino
|
|
|
Batting: LHB Eric Jackson
|
0-0: Swinging Strike 0-1: Ground out 6-3 (Groundball, 6M, EV 88.1 MPH)
|
|
Batting: RHB Chris Trites
|
0-0: SINGLE (Groundball, 4MD, EV 100.0 MPH)
|
|
Batting: SHB Brett McEwen
|
0-0: Called Strike Chris Trites is caught stealing 2nd base 2-6 0-1: Called Strike 0-2: Ball 1-2: Foul Ball, location: 2F 1-2: SINGLE (Groundball, 34D, EV 99.4 MPH)
|
|
Batting: LHB Tamaichi Sasada
|
0-0: Ball 1-0: Ground out 4-3 (Groundball, 34D, EV 84.4 MPH)
|
| Bottom of the 1st over - 0 runs, 2 hits, 0 errors, 1 left on base; Dayton 1 - Atlanta (MID) 0 |
| TOP OF THE 2ND |
|
Dayton Dragons batting - Pitching for Atlanta (MID) Braves : RHP Walt Bunney
|
|
Batting: RHB Alex Juarez
|
0-0: Ball 1-0: Fly out, F4 (Popup, 34S, EV 86.9 MPH)
|
|
Batting: RHB Nick Cottrell
|
0-0: Ball 1-0: SINGLE (Flyball, 56D, EV 86.9 MPH)
|
|
Batting: RHB John Hopkins
|
0-0: Called Strike 0-1: Ball Nick Cottrell is caught stealing 2nd base 2-4 1-1: SINGLE (Line Drive, 9S, EV 93.1 MPH)
|
|
Batting: LHB Ralph Braine
|
0-0: Called Strike John Hopkins steals 2nd base (no throw) 0-1: Fly out, F9 (Flyball, 89D, EV 98.8 MPH)
|
| Top of the 2nd over - 0 runs, 2 hits, 0 errors, 1 left on base; Dayton 1 - Atlanta (MID) 0 |
| BOTTOM OF THE 2ND |
|
Atlanta (MID) Braves batting - Pitching for Dayton Dragons : RHP Narciso Umbelino
|
|
Batting: RHB Costantino Dolfini
|
0-0: Ball 1-0: Ball 2-0: Foul Ball, location: 2F 2-1: Fly out, F7 (Flyball, 7S, EV 90.6 MPH)
|
|
Batting: RHB Josh McCormick
|
0-0: Called Strike 0-1: Foul Ball, location: 2F 0-2: Ball 1-2: Ball 2-2: Strikes out swinging
|
|
Batting: RHB Alex Campos
|
0-0: Called Strike 0-1: Foul Ball, location: 2F 0-2: Ball 1-2: Foul Ball, location: 2F 1-2: Foul Ball, location: 2F 1-2: Ball 2-2: Foul Ball, location: 2F 2-2: Ball 3-2: Fly out, F8 (Line Drive, 8LM, EV 93.1 MPH)
|
| Bottom of the 2nd over - 0 runs, 0 hits, 0 errors, 0 left on base; Dayton 1 - Atlanta (MID) 0 |
| TOP OF THE 3RD |
|
Dayton Dragons batting - Pitching for Atlanta (MID) Braves : RHP Walt Bunney
|
|
Batting: LHB Chris Redhead
|
0-0: Ball 1-0: Foul Ball, location: 2F 1-1: Ball 2-1: Ground out U3 (Groundball, 3, EV 85.0 MPH)
|
|
Batting: RHB Alex Villagomez
|
0-0: Called Strike 0-1: Foul Ball, location: 2F 0-2: Strikes out looking
|
|
Batting: RHB Randy Grewe
|
0-0: Ball 1-0: SINGLE (Groundball, 6MD, EV 103.8 MPH)
|
|
Batting: SHB Jaivata Mohanty
|
0-0: Ball 1-0: Foul Ball, location: 2F 1-1: Ball 2-1: Foul Ball, location: 2F 2-2: Ball 3-2: Ground out U3 (Groundball, 3, EV 85.0 MPH)
|
| Top of the 3rd over - 0 runs, 1 hit, 0 errors, 1 left on base; Dayton 1 - Atlanta (MID) 0 |
| BOTTOM OF THE 3RD |
|
Atlanta (MID) Braves batting - Pitching for Dayton Dragons : RHP Narciso Umbelino
|
|
Batting: RHB Adonis Jenifer
|
0-0: Ball 1-0: Foul Ball, location: 2F 1-1: Called Strike 1-2: Ball 2-2: Fly out, F7 (Line Drive, 7LM, EV 95.0 MPH)
|
|
Batting: RHB Gabe Allen
|
0-0: Called Strike 0-1: Foul Ball, location: 2F 0-2: Ball 1-2: Strikes out swinging
|
|
Batting: LHB Eric Jackson
|
0-0: Ball 1-0: Foul Ball, location: 2F 1-1: Foul Ball, location: 2F 1-2: Ball 2-2: Strikes out swinging
|
| Bottom of the 3rd over - 0 runs, 0 hits, 0 errors, 0 left on base; Dayton 1 - Atlanta (MID) 0 |
| TOP OF THE 4TH |
|
Dayton Dragons batting - Pitching for Atlanta (MID) Braves : RHP Walt Bunney
|
|
Batting: RHB Juan Zamora
|
0-0: SINGLE (Groundball, 6M, EV 83.1 MPH) (infield hit)
|
|
Batting: RHB Alex Juarez
|
0-0: Foul Ball, location: 2F 0-1: Swinging Strike Passed Ball! Juan Zamora to second 0-2: Ball 1-2: Foul Ball, location: 2F 1-2: Ball 2-2: Foul Ball, location: 2F 2-2: Ball 3-2: Foul Ball, location: 2F 3-2: Strikes out swinging
|
|
Batting: RHB Nick Cottrell
|
0-0: Called Strike 0-1: Ball 1-1: Ball Wild Pitch! Juan Zamora to third 2-1: Foul Ball, location: 2F 2-2: Strikes out swinging
|
|
Batting: RHB John Hopkins
|
0-0: Called Strike 0-1: Ground out 1-3 (Groundball, 34S, EV 70.6 MPH)
|
| Top of the 4th over - 0 runs, 1 hit, 0 errors, 1 left on base; Dayton 1 - Atlanta (MID) 0 |
| BOTTOM OF THE 4TH |
|
Atlanta (MID) Braves batting - Pitching for Dayton Dragons : RHP Narciso Umbelino
|
|
Batting: RHB Chris Trites
|
0-0: Ball 1-0: Called Strike 1-1: Ball 2-1: Ground out U3 (Groundball, 3S, EV 65.6 MPH)
|
|
Batting: SHB Brett McEwen
|
0-0: Ground out U3 (Groundball, 3, EV 88.1 MPH)
|
|
Batting: LHB Tamaichi Sasada
|
0-0: Ball 1-0: Ball 2-0: Called Strike 2-1: DOUBLE (Groundball, 3L, EV 101.9 MPH)
|
|
Batting: RHB Costantino Dolfini
|
0-0: Ball 1-0: Called Strike 1-1: Ball 2-1: Foul Ball, location: 2F 2-2: Foul Ball, location: 2F 2-2: Strikes out swinging
|
| Bottom of the 4th over - 0 runs, 1 hit, 0 errors, 1 left on base; Dayton 1 - Atlanta (MID) 0 |
| TOP OF THE 5TH |
|
Dayton Dragons batting - Pitching for Atlanta (MID) Braves : RHP Walt Bunney
|
|
Batting: LHB Ralph Braine
|
0-0: Ball 1-0: Bunted foul 1-1: Called Strike 1-2: Fly out, F7 (Flyball, 7LS, EV 78.1 MPH)
|
|
Batting: LHB Chris Redhead
|
0-0: Ball 1-0: Foul Ball, location: 2F 1-1: Ball 2-1: Ball 3-1: Foul Ball, location: 2F 3-2: SINGLE (Line Drive, 9LS, EV 96.9 MPH)
|
|
Batting: RHB Alex Villagomez
|
0-0: Foul Ball, location: 2F 0-1: Called Strike 0-2: Fielders Choice at 2nd, 5-4 (Groundball, 56, EV 85.0 MPH)
|
|
Batting: RHB Randy Grewe
|
0-0: Foul Ball, location: 2F 0-1: Ball 1-1: Ball 2-1: Swinging Strike 2-2: Ball 3-2: Foul Ball, location: 2F 3-2: Foul Ball, location: 2F 3-2: Foul Ball, location: 2F 3-2: Ground out 5-3 (Groundball, 56, EV 90.0 MPH)
|
| Top of the 5th over - 0 runs, 1 hit, 0 errors, 1 left on base; Dayton 1 - Atlanta (MID) 0 |
| BOTTOM OF THE 5TH |
|
Atlanta (MID) Braves batting - Pitching for Dayton Dragons : RHP Narciso Umbelino
|
|
Batting: RHB Josh McCormick
|
0-0: Ball 1-0: Ball 2-0: Called Strike 2-1: Foul Ball, location: 2F 2-2: Ball 3-2: Strikes out swinging
|
|
Batting: RHB Alex Campos
|
0-0: Ball 1-0: Called Strike 1-1: SOLO HOME RUN (Flyball, 7LD, EV 98.1 MPH), Distance : 378 ft
|
|
Batting: RHB Adonis Jenifer
|
0-0: Ball 1-0: Hit by Pitch
|
|
Batting: RHB Gabe Allen
|
0-0: Ball 1-0: Foul Ball, location: 2F 1-1: Foul Ball, location: 2F 1-2: Ball 2-2: Strikes out swinging
|
|
Batting: LHB Eric Jackson
|
0-0: Ball 1-0: Foul Ball, location: 2F 1-1: Ball 2-1: Foul Ball, location: 2F 2-2: Strikes out swinging
|
| Bottom of the 5th over - 1 run, 1 hit, 0 errors, 1 left on base; Dayton 1 - Atlanta (MID) 1 |
| TOP OF THE 6TH |
|
Dayton Dragons batting - Pitching for Atlanta (MID) Braves : RHP Walt Bunney
|
|
Batting: SHB Jaivata Mohanty
|
0-0: Ball 1-0: Foul Ball, location: 2F 1-1: Ground out 5-3 (Groundball, 56, EV 86.2 MPH)
|
|
Batting: RHB Juan Zamora
|
0-0: Called Strike 0-1: Fly out, F7 (Flyball, 7, EV 91.9 MPH)
|
|
Batting: RHB Alex Juarez
|
0-0: Ball 1-0: Ball 2-0: Foul Ball, location: 2F 2-1: Called Strike 2-2: Fly out, F8 (Flyball, 8RM, EV 88.8 MPH)
|
| Top of the 6th over - 0 runs, 0 hits, 0 errors, 0 left on base; Dayton 1 - Atlanta (MID) 1 |
| BOTTOM OF THE 6TH |
|
Atlanta (MID) Braves batting - Pitching for Dayton Dragons : RHP Narciso Umbelino
|
|
Batting: RHB Chris Trites
|
0-0: Ball 1-0: Ball 2-0: Fly out, F7 (Flyball, 7S, EV 84.4 MPH)
|
|
Batting: SHB Brett McEwen
|
0-0: Foul Ball, location: 2F 0-1: Swinging Strike 0-2: Ball 1-2: Strikes out swinging
|
|
Batting: LHB Tamaichi Sasada
|
0-0: Ball 1-0: Ball 2-0: Called Strike 2-1: Foul Ball, location: 2F 2-2: Ground out U3 (Groundball, 3, EV 84.4 MPH)
|
| Bottom of the 6th over - 0 runs, 0 hits, 0 errors, 0 left on base; Dayton 1 - Atlanta (MID) 1 |
| TOP OF THE 7TH |
|
Dayton Dragons batting - Pitching for Atlanta (MID) Braves : RHP Walt Bunney
|
|
Batting: RHB Nick Cottrell
|
0-0: Called Strike 0-1: SINGLE (Groundball, 4, EV 99.4 MPH)
|
|
Pitching: LHP Darius Brown
|
|
|
Batting: RHB John Hopkins
|
0-0: Bunt missed! 0-1: Ball Nick Cottrell is caught stealing 2nd base 2-4 1-1: Ball 2-1: Called Strike 2-2: Ground out U3 (Groundball, 3, EV 93.8 MPH)
|
|
Batting: LHB Ralph Braine
|
0-0: Ball 1-0: Called Strike 1-1: Foul Ball, location: 2F 1-2: Strikes out swinging
|
| Top of the 7th over - 0 runs, 1 hit, 0 errors, 0 left on base; Dayton 1 - Atlanta (MID) 1 |
| BOTTOM OF THE 7TH |
|
Atlanta (MID) Braves batting - Pitching for Dayton Dragons : RHP Narciso Umbelino
|
|
Batting: RHB Costantino Dolfini
|
0-0: Ball 1-0: Called Strike 1-1: Foul Ball, location: 2F 1-2: Ball 2-2: Ball 3-2: TRIPLE (Flyball, 9LD, EV 97.5 MPH)
|
|
Batting: RHB Josh McCormick
|
0-0: Ball 1-0: Called Strike 1-1: Called Strike 1-2: Strikes out looking
|
|
Batting: RHB Alex Campos
|
0-0: Ball 1-0: Foul Ball, location: 2F 1-1: Ball 2-1: Ground out 4-3 (Groundball, 4, EV 88.1 MPH)
|
|
Batting: RHB Adonis Jenifer
|
0-0: Ball 1-0: Swinging Strike 1-1: Foul Ball, location: 2F 1-2: Foul Ball, location: 2F 1-2: Strikes out swinging
|
| Bottom of the 7th over - 0 runs, 1 hit, 0 errors, 1 left on base; Dayton 1 - Atlanta (MID) 1 |
| TOP OF THE 8TH |
|
Dayton Dragons batting - Pitching for Atlanta (MID) Braves : LHP Darius Brown
|
|
Pinch Hitting: RHB Armando Moz
|
0-0: Called Strike 0-1: Called Strike 0-2: Foul Ball, location: 2F 0-2: Ground out U3 (Groundball, 34, EV 103.1 MPH)
|
|
Batting: RHB Alex Villagomez
|
0-0: SINGLE (Groundball, 56D, EV 93.8 MPH)
|
|
Batting: RHB Randy Grewe
|
0-0: Ball 1-0: Foul Ball, location: 2F 1-1: Ball 2-1: SINGLE (Flyball, 34D, EV 90.6 MPH) Alex Villagomez to second
|
|
Batting: SHB Jaivata Mohanty
|
0-0: Ball 1-0: Swinging Strike 1-1: Ball 2-1: Fielders Choice at 2nd, 6-4 (Groundball, 6, EV 104.4 MPH) Alex Villagomez to third
|
|
Batting: RHB Juan Zamora
|
0-0: Ball 1-0: Foul Ball, location: 2F 1-1: Fly out, F9 (Flyball, 89M, EV 84.4 MPH)
|
| Top of the 8th over - 0 runs, 2 hits, 0 errors, 2 left on base; Dayton 1 - Atlanta (MID) 1 |
| BOTTOM OF THE 8TH |
|
Atlanta (MID) Braves batting - Pitching for Dayton Dragons : RHP Narciso Umbelino
|
|
Pitching: LHP Haunani Moritiica
|
|
|
Now in LF: Jon Marquez
|
|
|
Batting: RHB Gabe Allen
|
0-0: Ball 1-0: Called Strike 1-1: Ball 2-1: Called Strike 2-2: Strikes out swinging
|
|
Pinch Hitting: RHB Terry Hughes
|
0-0: Ball 1-0: Ball 2-0: Ball 3-0: Base on Balls
|
|
Batting: RHB Chris Trites
|
0-0: Called Strike 0-1: Ball 1-1: Called Strike 1-2: Foul Ball, location: 2F 1-2: Foul Ball, location: 2F 1-2: Strikes out swinging
|
|
Batting: SHB Brett McEwen
|
0-0: Swinging Strike 0-1: Swinging Strike 0-2: Ball 1-2: Foul Ball, location: 2F 1-2: Fly out, F8 (Flyball, 89D, EV 86.2 MPH)
|
| Bottom of the 8th over - 0 runs, 0 hits, 0 errors, 1 left on base; Dayton 1 - Atlanta (MID) 1 |
| TOP OF THE 9TH |
|
Dayton Dragons batting - Pitching for Atlanta (MID) Braves : LHP Darius Brown
|
|
Pitching: LHP Tyler Portier
|
|
|
Now in CF: George Provance
|
|
|
Batting: RHB Alex Juarez
|
0-0: TRIPLE (Flyball, 78XD, EV 96.9 MPH)
|
|
Batting: RHB Nick Cottrell
|
0-0: Intentional Walk
|
|
Batting: RHB John Hopkins
|
0-0: Ball 1-0: Called Strike 1-1: Foul Ball, location: 2F 1-2: SINGLE (Line Drive, 4D, EV 96.9 MPH) Alex Juarez scores Nick Cottrell to second Runner from 2nd tries for 3rd, SAFE, throw by RF made to third
|
|
Pinch Hitting: RHB Jim Towle
|
0-0: Ball John Hopkins is caught stealing 2nd base 2-4 1-0: Swinging Strike 1-1: Swinging Strike 1-2: Ball 2-2: Ball 3-2: Ground out 4-3 (Groundball, 4, EV 86.2 MPH)
|
|
Batting: RHB Jon Marquez
|
0-0: Called Strike 0-1: Foul Ball, location: 2F 0-2: Foul Ball, location: 2F 0-2: Ball 1-2: Fly out, F7 (Flyball, 7S, EV 81.9 MPH)
|
| Top of the 9th over - 1 run, 2 hits, 0 errors, 1 left on base; Dayton 2 - Atlanta (MID) 1 |
| BOTTOM OF THE 9TH |
|
Atlanta (MID) Braves batting - Pitching for Dayton Dragons : LHP Haunani Moritiica
|
|
Pitching: RHP Kevin Larner
|
|
|
Now at 1B: Drew Forbess
|
|
|
Now at 2B: Juan Zamora
|
|
|
Now at 3B: Nick Cottrell
|
|
|
Now in CF: Pat Mage
|
|
|
Now in RF: Phil Lerner
|
|
|
Batting: LHB Tamaichi Sasada
|
0-0: Ball 1-0: Fly out, F6 (Line Drive, 56D, EV 63.8 MPH)
|
|
Batting: RHB Costantino Dolfini
|
0-0: Ball 1-0: Foul Ball, location: 2F 1-1: Swinging Strike 1-2: Foul Ball, location: 2F 1-2: Fly out, F4 (Flyball, 4MD, EV 87.5 MPH)
|
|
Batting: RHB Josh McCormick
|
0-0: Ground out 6-3 (Groundball, 6, EV 78.1 MPH)
|
| Bottom of the 9th over - 0 runs, 0 hits, 0 errors, 0 left on base; Dayton 2 - Atlanta (MID) 1 |
|